 Dungeon Crawl Stone Soup version 0.14-a0-1388-g200237c (webtiles) character file.

506 4tharraofdagon the Ruinous (level 6, 0/47 HPs)
             Began as a Human Conjurer on Dec 9, 2013.
             Was a Believer of Lugonu.
             Killed from afar by an orc wizard (8 damage)
             ... with a puff of flame
             ... on Level 6 of the Dungeon.
             The game lasted 00:11:08 (2121 turns).

4tharraofdagon the Ruinous (Human Conjurer)         Turns: 2121, Time: 00:11:08

HP   0/47        AC  8     Str 10      XL: 6   Next: 66%
MP  10/10        EV  6     Int 15      God: Lugonu [**....]
Gold 202         SH  5     Dex 14      Spells:  1 memorised,  8 levels left

rFire  . . .     SeeInvis .     w - +1,+2 orc whip (freeze)
rCold  . . .     Clarity  .     v - +0 scale mail
rNeg   . . .     Conserve .     B - -2 buckler (curse)
rPois  .         rCorr    .     (no helmet)
rElec  .         rRot     .     (no cloak)
SustAb . .       Spirit   .     d - +1 pair of dwarf gloves
rMut   .         Warding  .     (no boots)
Saprov . . .     Stasis   .     (no amulet)
                                (no ring)
                                (no ring)

@: slightly resistant to hostile enchantments, extremely unstealthy
A: no striking features
a: Depart the Abyss, Bend Space, Renounce Religion


You were on level 6 of the Dungeon.
You worshipped Lugonu.
Lugonu was pleased with you.
You were very hungry.

You visited 2 branches of the dungeon, and saw 7 of its levels.

You collected 202 gold pieces.

Inventory:

Hand weapons
 e - a +0,+0 whip
 h - a -1,+1 orcish scimitar
 m - a -1,-2 orcish flail
 w - a +1,+2 orcish whip of freezing (weapon)
Missiles
 o - 16 darts (quivered)
 t - 2 poisoned darts
 I - 4 javelins
Armour
 a - a +0 robe
 d - a +1 pair of dwarven gloves (worn)
 v - a +0 scale mail (worn)
 B - a cursed -2 buckler (worn)
 J - a +0 large shield
Comestibles
 b - 4 bread rations
 x - a meat ration
Scrolls
 f - a scroll of curse jewellery {unknown}
 i - 2 scrolls of teleportation
 k - a scroll of curse weapon {unknown}
 n - 5 scrolls of remove curse
 p - a scroll of enchant armour {unknown}
 s - a scroll of identify {unknown}
 y - a scroll of noise {unknown}
 z - 2 scrolls of amnesia {unknown}
 A - a scroll of enchant weapon I {unknown}
 C - a scroll of curse armour {unknown}
 D - a scroll of immolation {unknown}
 E - a scroll of recharging {unknown}
 K - a scroll of fog {unknown}
Jewellery
 g - an uncursed amulet of faith {unknown}
 j - an uncursed amulet of stasis {unknown}
Potions
 l - 2 potions of mutation {unknown}
 q - a potion of brilliance {unknown}
 r - a potion of poison {unknown}
 u - a potion of confusion {unknown}
 H - a potion of paralysis {unknown}
Books
 c - a book of Conjurations

   Spells                             Type                      Level
   *Magic Dart                        Conjuration                  1
   Searing Ray                        Conjuration                  2
   Dazzling Spray                     Conjuration/Hexes            3
   Iskenderun's Mystic Blast          Conjuration                  4
   Iskenderun's Battlesphere          Conjuration/Charms           4
   Fulminant Prism                    Conjuration/Hexes            5
 G - a book of Hinderance

   Spells                             Type                      Level
   Confusing Touch                    Hexes                        1
   Slow                               Hexes                        2
   Confuse                            Hexes                        3
   Petrify                            Transmutation/Earth          4
   Leda's Liquefaction                Hexes/Earth                  4
   Metabolic Englaciation             Hexes/Ice                    6


   Skills:
 + Level 3.5 Fighting
 - Level 3.8 Maces & Flails
 + Level 1.8 Armour
 - Level 2.0 Dodging
 - Level 2.0 Stealth
 - Level 2.0 Spellcasting
 - Level 4.0 Conjurations
 + Level 1.6 Invocations


You had 8 spell levels left.
You knew the following spells:

 Your Spells              Type           Power        Failure   Level  Hunger
a - Magic Dart            Conj           ##..         90%         1    #......


Dungeon Overview and Level Annotations

Branches:
Dungeon (6/16)             Temple (1/1) D:4

Altars:
Ashenzari
Cheibriados
Kikubaaqudgha
Makhleb
Nemelex Xobeh
Trog
Zin
Lugonu

Shops:
D:5 =   D:6 (

Annotations:
D:4 Grinder


Message History

You hit the orc wizard. You freeze the orc wizard.
The orc wizard is severely wounded.
The orc wizard hits you with an orcish dagger.
* * * LOW HITPOINT WARNING * * *
You block the orc wizard's attack.
You are too injured to fight recklessly!
You are too injured to fight recklessly!
You closely miss the orc wizard.
The orc wizard is severely wounded.
The orc wizard gestures wildly while chanting.
You feel troubled.
You barely miss the orc wizard.
The orc wizard is severely wounded.
The orc wizard casts a spell at you. The puff of flame hits you!
One of your 2 scrolls labeled TRIQEIW PREPE catches fire!
* * * LOW HITPOINT WARNING * * *
The orc wizard gestures at you while chanting.
The puff of flame hits you!
You die...

#....### #........
#........
###.(...... o.'....#
###....#######
###.>o.((...[#
.(....######(#######
###..........#<.@oo#
#..........#####.#
#..........'o....#
#..........#######
###..........#
.............#
##...######### #...#
##.∩.############


You could see an orc wizard and an orc.

Vanquished Creatures
  A crimson imp (D:5)
  A jelly (D:5)
  A hound (D:5)
  2 worker ants
  A sky beast zombie (D:5)
  A hound skeleton (D:5)
  4 adders
  A giant mite (D:3)
  An inept item mimic (D:3)
  An adder skeleton (D:5)
  2 giant geckos
  An ooze (D:5)
  6 orcs
  3 bats
  A giant cockroach (D:2)
  10 goblins
  8 hobgoblins
  4 jackals (D:2)
  A quokka (D:2)
  4 ball pythons
  2 giant newts
  A hobgoblin zombie (D:5)
  A jackal skeleton (D:4)
  5 kobolds
  11 rats
74 creatures vanquished.

Notes
Turn   | Place    | Note
--------------------------------------------------------------
     0 | D:1      | 4tharraofdagon, the Human Conjurer, began the quest for the Orb.
     0 | D:1      | Reached XP level 1. HP: 13/13 MP: 3/3
   133 | D:1      | Reached skill level 1 in Fighting
   195 | D:2      | Reached XP level 2. HP: 21/21 MP: 0/4
   200 | D:1      | dck: aand splat
   212 | D:1      | 4tharraofdagon: ok lets make just one last attempts?
   213 | D:1      | 4tharraofdagon: this combo so bad
   289 | D:2      | Reached skill level 1 in Maces & Flails
   290 | D:2      | Bastard: sixth more attempts later
   369 | D:2      | dck: hm
   369 | D:2      | Reached XP level 3. HP: 16/26 MP: 1/6
   469 | D:2      | dck: might go something else now
   796 | D:3      | Reached XP level 4. HP: 33/33 MP: 0/7
  1026 | D:4      | Noticed an ogre
  1073 | D:4      | Noticed Grinder
  1073 | D:4      | Paralysed by Grinder for 7 turns
  1252 | D:4      | Found a staircase to the Ecumenical Temple.
  1270 | D:4      | Reached XP level 5. HP: 22/39 MP: 7/9
  1294 | Temple   | Entered the Ecumenical Temple
  1309 | Temple   | Became a worshipper of Lugonu the Unformed
  1309 | Temple   | Acquired Lugonu's first power
  1330 | D:4      | Paralysed by Grinder for 7 turns
  1351 | D:4      | Paralysed by Grinder for 4 turns
  1357 | D:4      | Paralysed by Grinder for 4 turns
  1369 | D:5      | Entered Level 5 of the Dungeon
  1561 | D:5      | Found a bloodstained altar of Trog.
  1635 | D:5      | Found a shattered altar of Ashenzari.
  1699 | D:5      | Reached skill level 1 in Armour
  1722 | D:5      | Reached XP level 6. HP: 42/47 MP: 10/10
  1887 | D:6      | Found Yggeka's Antique Weapon Shop.
  1901 | D:6      | Bloax: wait
  1906 | D:6      | Bloax: the fuck is a cutlass
  1906 | D:6      | Bloax: oh
  1906 | D:6      | Bloax: saber
  1906 | D:6      | 4tharraofdagon: i think ill invest in that axe
  1906 | D:6      | 4tharraofdagon: we will see
  1925 | D:6      | Acquired Lugonu's second power
  1925 | D:6      | Reached skill level 1 in Invocations
  1941 | D:6      | Bloax: grab an axe and train them
  1944 | D:6      | Bloax: i mean at least it's a battleaxe
  1990 | D:5      | Found Triduikh's Jewellery Shop.
  2121 | D:6      | Killed from afar by an orc wizard

Action                   |  1- 3 |  4- 6 || total
-------------------------+-------+-------++-------
Melee: Unarmed           |     1 |       ||     1
       Whip              |    49 |   181 ||   230
 Cast: Magic Dart        |    47 |    12 ||    59
  Use: Scroll            |     3 |     1 ||     4
       Potion            |       |     1 ||     1
 Stab: Sleeping          |     1 |     1 ||     2
